 Dungeon Crawl Stone Soup version 0.29-a0-231-g945431f764 (webtiles) character file.

Game seed: 3477503150437664654

1141 dolemite99 the Geomancer (level 8, -13/41 HPs)
             Began as a Gargoyle Earth Elementalist on Mar 1, 2022.
             Was a Believer of Nemelex Xobeh.
             Mangled by an ice beast (14 damage)
             ... on level 6 of the Dungeon.
             The game lasted 00:09:04 (7936 turns).

dolemite99 the Geomancer (GrEE)                     Turns: 7936, Time: 00:09:05

Health: -13/41     AC:  9    Str: 11 (13) XL:     8   Next: 37%
Magic:  8/11       EV: 11    Int: 14 (17) God:    Nemelex Xobeh [**....]
Gold:   165        SH:  0    Dex:  9 (10) Spells: 8/11 levels left

rFire   . . .      SeeInvis +   a - +0 hunting sling (vorpal)
rCold   . . .      Faith    .   (no shield)
rNeg    + . .      Spirit   .   n - +0 robe
rPois   ∞          Reflect  .   w - +0 helmet
rElec   +          Harm     .   x - +0 cloak
rCorr   .          Rampage  .   (no gloves)
Will    .....                   (no boots)
Stlth   ++........              (no amulet)
HPRegen 0.13/turn               r - ring of see invisible
MPRegen 0.12/turn               (no ring)

@: about to teleport
A: sickness immunity, AC +5, negative energy resistance 1, electricity
resistance, torment resistance 1, petrification resistance
a: Renounce Religion, Draw Escape, Draw Destruction, Draw Summoning


You were on level 6 of the Dungeon.
You worshipped Nemelex Xobeh.
Nemelex Xobeh was pleased with you.
You visited 1 branch of the dungeon, and saw 6 of its levels.

You collected 343 gold pieces.
You spent 178 gold pieces at shops.

Inventory:

Hand Weapons
 a - a +0 vorpal hunting sling (weapon)
 b - a +2 rapier of venom
 s - a +2 dagger of freezing
 v - a +0 short sword
 G - a +2 dagger of venom
Missiles
 f - 2 boomerangs
 i - 16 poisoned darts
 q - 12 stones
Armour
 e - a +0 buckler
 n - a +0 robe (worn)
 w - a +0 helmet (worn)
 x - a +0 cloak (worn)
 y - the +1 robe "Xubreg" {Harm *Corrode Archmagi}
   (You found it on level 4 of the Dungeon)

   *Corrode:  It may corrode you when you take damage.
   Harm:      It increases damage dealt and taken.
   Archmagi:  It increases the power of your magical spells.
Magical Staves
 F - a staff of air
Jewellery
 r - a ring of see invisible (left hand)
 C - an amulet of faith
Wands
 p - a wand of flame (8)
 D - a wand of acid (11)
Scrolls
 g - 4 scrolls of noise
 h - 2 scrolls of amnesia
 k - 2 scrolls of immolation
 o - a scroll of acquirement {unknown}
 H - a scroll of blinking {unknown}
Potions
 m - 2 potions of brilliance
 t - 2 potions of flight
 u - a potion of berserk rage
 A - a potion of magic
 B - a potion of might
 E - a potion of invisibility {unknown}
 I - a potion of curing {unknown}


   Skills:
 - Level 1.5 Dodging
 - Level 2.1 Stealth
 - Level 2.0 Spellcasting
 + Level 7.9 Conjurations
 - Level 0.7 Transmutations
 + Level 8.3 Earth Magic


You had 8 spell levels left.
You knew the following spells:

 Your Spells              Type           Power      Damage    Failure   Level
b - Stone Arrow           Conj/Erth      48%        3d10      2%          3

Your spell library contained the following spells:

 Spells                   Type           Power      Damage    Failure   Level
 Sandblast                Erth           48%        2d12      1%          1
 Passwall                 Tmut/Erth      11%        N/A       5%          2
 Conjure Flame            Conj/Fire      12%        6-21      14%         3
 Wereblood                Tmut           3%         N/A       26%         2
 Petrify                  Tmut/Erth      14%        N/A       36%         4
 Sticky Flame             Conj/Fire      12%        2d4       43%         4
 Ignite Poison            Fire/Tmut/Pois 2%         N/A       54%         3
 Summon Hydra             Summ           0%         N/A       100%        7
 Sublimation of Blood     Necr           Unusable   N/A       N/A         2

Dungeon Overview and Level Annotations

Branches:
Dungeon (6/15)             Temple (0/1) D:6

Altars:
Nemelex Xobeh
Okawaru
Xom
Yredelemnul

Shops:
D:1 *([(   D:5 !   D:6 =


Innate Abilities, Weirdness & Mutations

You are immune to sickness and miasma.
Your stone body is resilient. (AC +5)
You are immune to poison.
You resist negative energy. (rN+)
You are resistant to electric shocks. (rElec)
You are resistant to unholy torment.
You are immune to petrification.


Message History

An orc priest, an orc wizard, an orc and an ice beast come into view.
The orc priest is wielding a +0 war axe of electrocution.
Found 25 gold pieces.
The orc priest shouts!
The orc shouts!
You hear a shout!
The orc wizard shouts!
Okay, then.
Casting: Stone Arrow (safe; 1% risk of failure)
Confirm with . or Enter, or press ? or * to list all spells.
Okay, then.
An orc comes into view. It is wielding a +0 hand axe.
The ice beast hits you but does no damage.
The orc priest invokes the aid of Beogh against you.
Beogh smites you!
The orc priest mumbles some strange prayers to Beogh against you.
Pain shoots through your body!
Casting: Stone Arrow (safe; 1% risk of failure)
Confirm with . or Enter, or press ? or * to list all spells.
Okay, then.
Unknown command.
Casting: Stone Arrow (safe; 1% risk of failure)
Confirm with . or Enter, or press ? or * to list all spells.
Aiming: Stone Arrow (safe; 1% risk of failure)
Press: ? - help, Shift-Dir - straight line, f - orc priest
Aim: an orc priest, wielding a +0 war axe of electrocution (71% to hit)
The stone arrow hits the orc priest!!
You kill the orc priest!
The ice beast hits you. The ice beast freezes you!
* * * LOW HITPOINT WARNING * * *
As you read the scroll of teleportation, it crumbles to dust.
You feel strangely unstable.
The orc throws a boomerang.
The boomerang barely misses you. The ice beast closely misses you.
The orc wizard points at you and mumbles some strange words.
The puff of flame hits you but does no damage.
It was a potion of degeneration.
There was something very wrong with that liquid.
You feel weakened.
You feel dopey.
You feel clumsy. The ice beast hits you.
* * * LOW HITPOINT WARNING * * *
The ice beast freezes you!
You die...
Your body disappears without a glow.

...###.##.# #....# ##........
....#.<##.# #.##.............
.......##.# #.# ###..#.......
.†.....##.. # ..# ..##.......
........##.###.#### #.# #......≈
....#..#.....$.####...####......≈
...##..#####...$o...............≈
#####..# #....#Y#########......≈
.# .... #...oo@# #..#.... .# ####
#.....## ....###... .# #..##.
#.##..##... .# ## #. #. ##......
.# ## . ####.## .# ## #### .# ...
#. .####..# #####. ...##..####
......


You could see an ice beast, an orc wizard and 2 orcs.

Vanquished Creatures
  A water moccasin (D:6)
  A black bear (D:4)
  An ice beast (D:5)
  An ogre (D:4)
  2 phantoms
  A scorpion (D:5)
  2 hounds (D:6)
  A jelly (D:5)
  An orc priest (D:6)
  3 iguanas
  Natasha (thrice) (D:3)
  An orc wizard (D:3)
  Ijyb (D:3)
  Robin (D:3)
  A gnoll (D:3)
  8 adders
  An ufetubus (D:5)
  2 worms
  A dart slug (D:5)
  6 orcs
  13 ball pythons
  12 endoplasms
  A giant cockroach (D:3)
  18 goblins
  9 hobgoblins
  10 jackals
  6 kobolds
  2 quokkas
  8 bats
  11 frilled lizards
  4 rats
133 creatures vanquished.

Notes
Turn   | Place    | Note
-------+----------+-------------------------------------------
     0 | D:1      | dolemite99 the Gargoyle Earth Elementalist began the quest
                  | for the Orb.
     0 | D:1      | Reached XP level 1. HP: 10/10 MP: 3/3
    30 | D:1      | Found Iritiast's Antique Weapon Shop.
    88 | D:1      | Reached skill level 4 in Earth Magic
    93 | D:1      | Found Waek's Antique Weapon Shoppe.
   213 | D:1      | Reached XP level 2. HP: 15/15 MP: 1/5
   509 | D:1      | Found Jumot's Armour Emporium.
   867 | D:1      | Found Jostet's General Store.
   889 | D:1      | Bought a scroll of identify for 22 gold pieces
  1123 | D:1      | Reached XP level 3. HP: 19/19 MP: 4/6
  1202 | D:1      | Reached skill level 5 in Earth Magic
  1698 | D:2      | Found a shimmering altar of Xom.
  2748 | D:2      | Reached XP level 4. HP: 24/24 MP: 3/7
  2828 | D:2      | Learned a level 3 spell: Stone Arrow
  2842 | D:3      | Noticed Ijyb
  2850 | D:3      | Killed Ijyb
  2851 | D:3      | Reached skill level 6 in Earth Magic
  3077 | D:3      | Noticed Natasha
  3083 | D:3      | Killed Natasha
  3084 | D:3      | Reached XP level 5. HP: 19/28 MP: 4/8
  3536 | D:3      | Noticed Natasha
  3558 | D:3      | Killed Natasha
  3559 | D:3      | Reached skill level 7 in Earth Magic
  4313 | D:3      | Found a faded altar of an unknown god.
  4355 | D:3      | Prayed at the altar of an unknown god.
  4355 | D:3      | Became a worshipper of Nemelex Xobeh the Trickster
  4355 | D:3      | Reached * piety under Nemelex Xobeh
  4438 | D:3      | Noticed Natasha
  4442 | D:3      | Killed Natasha
  4518 | D:3      | Reached XP level 6. HP: 31/32 MP: 9/9
  4532 | D:3      | Noticed Robin
  4535 | D:3      | Killed Robin
  4537 | D:3      | Reached skill level 8 in Earth Magic
  4680 | D:3      | Received a gift from Nemelex Xobeh
  5466 | D:4      | Identified the +1 robe "Xubreg" {Harm *Corrode Archmagi}
  5469 | D:4      | Reached ** piety under Nemelex Xobeh
  5559 | D:4      | Received a gift from Nemelex Xobeh
  5875 | D:4      | Found an iron altar of Okawaru.
  5876 | D:4      | Found a basalt altar of Yredelemnul.
  6230 | D:4      | Reached XP level 7. HP: 31/36 MP: 7/10
  6520 | D:5      | Entered Level 5 of the Dungeon
  6591 | D:5      | Found Reakuwan's Distillery.
  6595 | D:5      | Bought a potion of magic for 104 gold pieces
  6595 | D:5      | Bought a potion of might for 52 gold pieces
  6892 | D:5      | Reached skill level 5 in Conjurations
  7136 | D:5      | Reached XP level 8. HP: 30/41 MP: 6/11
  7890 | D:6      | Found a staircase to the Ecumenical Temple.
  7911 | D:6      | Found Qosop's Jewellery Shoppe.
  7936 | D:6      | HP: 1/41 [ice beast (4)]
  7936 | D:6      | Mangled by an ice beast

Illustrated notes

Levels and vault maps discovered:
D:1:      giann_horns, layout_loops_corners, serial_shops,
          nicolae_lakefront_shop, nicolae_shop_waterfront,
          nicolae_shop_waterfront, shop_statue, minmay_box_of_dots
D:2:      layout_basic, basic_altar, nicolae_figureground_sparkle
D:3:      minmay_skewed_foursquare, layout_loops_cross,
          hellmonk_ecumenical_altar_crossroads, st_stairs_14,
          serial_bayou_pond_e, uniq_ijyb, uniq_natasha, uniq_robin
D:4:      layout_loops_corners, gammafunk_temple_overflow_statue,
          minmay_strange_pillars, grunt_ministairs_7, corexii_leaking_fountain
D:5:      layout_loops_ring, serial_shops, nicolae_shop_stone
D:6:      layout_rooms, temple_pool_b, serial_shops, shop,
          minmay_misc_feat_square, bh_walls_and_bars

Skill      XL: |  1  2  3  4  5  6  7  8 |
---------------+-------------------------+-----
Earth Magic    | 4 5 6 7 8 |  8.3
Conjurations   | 3 6 7 |  7.9
Dodging        | |  1.5
Stealth        | |  2.1
Spellcasting   | |  2.0
Transmutations | |  0.7

Action                   |  1- 3 |  4- 6 |  7- 9 || total
-------------------------+-------+-------+-------++-------
Melee: Short sword       |    19 |       |       ||    19
       Dagger            |       |    46 |       ||    46
 Fire: Hunting sling     |    17 |    32 |    82 ||   131
 Cast: Sandblast         |    46 |    76 |    43 ||   165
       Stone Arrow       |       |       |     1 ||     1
  Use: Scroll            |     2 |     1 |     8 ||    11
       Potion            |       |       |     1 ||     1
 Stab: Sleeping          |     2 |       |       ||     2
Armor: Robe              |    11 |    27 |    49 ||    87
Dodge: Dodged            |    29 |    65 |    79 ||   173

Table legend: (Time is in decaauts)
 A = Elapsed time spent in this place.
 B = Non-inter-level travel time spent in this place.
 C = Inter-level travel time spent in this place.
 D = Time resting spent in this place.
 E = Time spent auto-exploring this place.
 F = Levels seen in this place.
 G = Mean time per level.
                   A        B        C        D        E       F      G
               +--------+--------+--------+--------+--------+-----+--------+
         Total |   8000 |   7933 |     67 |   1512 |   5235 |   6 | 1333.3 |
       Dungeon |   8000 |   7933 |     67 |   1512 |   5235 |   6 | 1333.3 |
               +--------+--------+--------+--------+--------+-----+--------+

Top non-repeatable levels by time:
     D:3: 2309 daAuts
     D:2: 1594 daAuts
     D:4: 1394 daAuts
     D:1: 1248 daAuts
     D:5: 1039 daAuts
     D:6: 414 daAuts
